[Event "*** Titled Tuesday Blitz"]
[Site "Chess.com"]
[Date "2019.03.05"]
[Round "1"]
[White "JonahWillow"]
[Black "monalize"]
[Result "1-0"]
[WhiteElo "2662"]
[BlackElo "2301"]
[TimeControl "180+2"]
[EndTime "13:07:57 PST"]
[Termination "JonahWillow won on time"]

1. e4 c5 2. Nf3 d6 3. d4 cxd4 4.
Qxd4 Nf6 5. Nc3 e6 6. Bb5+ Nbd7 7. O-O Be7 8. Bg5 O-O 9. Rad1 Nb6 10. Rfe1 a6 11. Bf1 Qc7 12. e5 dxe5 13. Nxe5 Rd8 14.
Qf4 Rxd1 15. Rxd1 h6 16. Bxh6 gxh6 17. Qg3+ Ng4 18. Qxg4+ Kf8 19. Ng6+ fxg6 20. Qxg6 Bg5 21. h4 Bf4 22. Qf6+ Ke8 23. Bd3 Nd5 24. Bg6+ Kd7 25. Nxd5 exd5 26. Rxd5+ Bd6 27. Bf5+ Kc6 28. Rd3 b6 29.
Rc3+ Kb7 30. Be4+ 1-0

[Event "*** Titled Tuesday Blitz"]
[Site "Chess.com"]
[Date "2019.03.05"]
[Round "1"]
[White "RiskyDecision"]
[Black "Man-Chuk"]
[Result "1-0"]
[WhiteElo "2431"]
[BlackElo "2769"]
[TimeControl "180+2"]
[EndTime "13:07:58 PST"]
[Termination "RiskyDecision won by checkmate"]

1. d4 Nf6 2. c4 e6 3. g3 d6 4.
Bg2 Nbd7 5. Nc3 c5 6. Nf3 cxd4 7. Nxd4 a6 8. O-O Qc7 9. b3 Be7 10. Bb2 O-O 11. Rc1 Ne5 12. h3 Bd7 13. f4 Ng6 14.
e4 Rac8 15. Kh1 Rfd8 16. f5 Ne5 17. fxe6 fxe6 18. Nce2 Re8 19. Nf4 Bf8 20. Qe2 Re7 21. Nf3 Bc6 22. Nxe5 dxe5 23. Nd3 Nd7 24. Qe3 h6 25.
Rf2 Ree8 26. Rcf1 Be7 27. Rf7 Bg5 28. Qf3 Qd6 29. Qh5 Kh7 30. Rxg7+ Kxg7 31. Rf7+ Kh8 32. Qg6 Nf8 33. Qg7# 1-0

[Event "*** Titled Tuesday Blitz"]
[Site "Chess.com"]
[Date "2019.03.05"]
[Round "1"]
[White "HrvojeZagreb"]
[Black "Fivetrick"]
[Result "1-0"]
[WhiteElo "2119"]
[BlackElo "2488"]
[TimeControl "180+2"]
[EndTime "13:07:58 PST"]
[Termination "HrvojeZagreb won by resignation"]

1. d4 Nf6 2. Bf4 g6 3. Nc3 d5 4.
e3 Bg7 5. h4 O-O 6. h5 Nxh5 7.
Rxh5 gxh5 8. Qxh5 c6 9. Bd3 f5 10. Nf3 Nd7 11. Ne5 Nxe5 12. dxe5 Qe8 13. Qh2 Qg6 14.
O-O-O Kh8 15. Rg1 e6 16. g4 Qf7 17. Ne2 c5 18. c3 c4 19. Bc2 b5 20. gxf5 exf5 21. Nd4 b4 22. e6 Bxe6 23. Rxg7 Kxg7 24. Be5+ Kg8 25. Qg3+ Qg6 26. Nxe6 Qxg3 27. Bxg3 Rfc8 28.
Nc7 Rab8 29. Nxd5 Rb7 30. cxb4 Rf8 31. a3 Rb5 32. Ne7+ Kf7 33. Nc6 a6 34. Nd4 Rb7 35.
Nxf5 Rd7 36. Nd6+ Ke6 37. Nxc4 Rc8 38. Bb3 Kf6 39. Kb1 Rg7 40. Be5+ Kg6 41. Bc2+ Kf7 42. Nd6+ 1-0

[Event "*** Titled Tuesday Blitz"]
[Site "Chess.com"]
[Date "2019.03.05"]
[Round "1"]
[White "pedromartinez91"]
[Black "bascheyaro"]
[Result "0-1"]
[WhiteElo "2406"]
[BlackElo "2791"]
[TimeControl "180+2"]
[EndTime "13:07:59 PST"]
[Termination "bascheyaro won by resignation"]

1. e4 e6 2. d4 d5 3. Nd2 c5 4.
exd5 exd5 5. Bb5+ Nc6 6. Ngf3 c4 7. O-O Bd6 8. Re1+ Ne7 9. c3 O-O 10. Nf1 a6 11. Ba4 Bf5 12. Bc2 Re8 13. Bg5 Bxc2 14. Qxc2 f6 15. Bh4 Qd7 16. Bg3 Nf5 17. Bxd6 Nxd6 18. Ne3 Ne7 19. Re2 Ndf5 20. Rae1 Nxe3 21.
Rxe3 Ng6 22. g3 Nf8 23. Kg2 Rxe3 24. Rxe3 Re8 25. Qe2 Rxe3 26. Qxe3 Kf7 27. Nh4 g6 28. Nf3 Qd6 29. a3 b5 30. Nd2 a5 31. Qf3 Ne6 32.
Nf1 Ng5 33. Qg4 Qe6 34. Qxe6+ Kxe6 35. f3 Kd6 36. h4 Ne6 37. Kf2 Kc6 38. Ke3 b4 39.
axb4 axb4 40. g4 Kb5 41. f4 Ka4 42. Nd2 Nc7 43. f5 gxf5 44. g5 fxg5 45. hxg5 Ne6 46. cxb4 Kxb4 47. Nf3 Kb3 0-1

[Event "*** Titled Tuesday Blitz"]
[Site "Chess.com"]
[Date "2019.03.05"]
[Round "1"]
[White "mjray79"]
[Black "FMJoseHerrera"]
[Result "0-1"]
[WhiteElo "2116"]
[BlackElo "2518"]
[TimeControl "180+2"]
[EndTime "13:08:00 PST"]
[Termination "FMJoseHerrera won by checkmate"]

1. d4 Nf6 2. c4 c5 3. d5 b5 4.
cxb5 a6 5. f3 g6 6. e4 Bg7 7.
Ne2 O-O 8. Nec3 d6 9. Na3 h5 10. Be2 h4 11. O-O h3 12. g4 Nbd7 13. f4 axb5 14.
Naxb5 Ba6 15. g5 Ne8 16. Be3 Qa5 17. a4 Qb4 18. Qc2 Nb6 19. Rfb1 Nc4 20. Bf2 Na5 21. Na2 Qb3 22. Qd2 Nc4 23. Bxc4 Qxc4 24. Nac3 Bxb5 25. axb5 Rxa1 26. Rxa1 Nc7 27. b6 Nb5 28. Nxb5 Qxb5 29. Qa5 Qxb2 30. Rf1 Bd4 31. Qa7 c4 32. Qa6 c3 33. b7 Bxf2+ 34. Rxf2 c2 35. Rxc2 Qxc2 36. Qa8 Qg2# 0-1

[Event "*** Titled Tuesday Blitz"]
[Site "Chess.com"]
[Date "2019.03.05"]
[Round "1"]
[White "gunslinger222"]
[Black "SCIM"]
[Result "1/2-1/2"]
[WhiteElo "2191"]
[BlackElo "2550"]
[TimeControl "180+2"]
[EndTime "13:08:01 PST"]
[Termination "Game drawn by repetition"]

1. d4 Nf6 2. c4 e6 3. Nc3 Bb4 4.
Nf3 c5 5. g3 cxd4 6. Nxd4 Nc6 7.
Nb5 O-O 8. Bg2 d5 9. O-O a6 10. cxd5 exd5 11. Nd4 Be6 12. Bg5 Be7 13. Na4 h6 14.
Bxf6 Bxf6 15. Nxe6 fxe6 16. Nc5 Qe7 17. Nxe6 Rfe8 18.
Nf4 Rad8 19. Qb3 Nd4 20. Bxd5+ Rxd5 21. Qxd5+ Kh7 22. Rad1 Rd8 23. Qc4 g5 24. Nd5 Qe6 25. Nxf6+ Qxf6 26. Qc7+ Kg6 27. Rxd4 Rxd4 28. Qxb7 Rd2 29.
Qe4+ Qf5 30. Qxf5+ Kxf5 31. Rb1 Rxe2 32. a3 Ke4 33. b4 Ra2 34. Rb3 g4 35. Kf1 h5 36.
b5 axb5 37. Rxb5 h4 38. gxh4 Rxa3 39. Kg2 Rh3 40. h5 Kf4 41. Rc5 Rh4 42. Ra5 Rh3 43. Rb5 Rh4 44. Ra5 Rh3 45. Rb5 Rh4 46. Ra5 Rh3 1/2-1/2

[Event "*** Titled Tuesday Blitz"]
[Site "Chess.com"]
[Date "2019.03.05"]
[Round "1"]
[White "Genghis_K"]
[Black "goodluck06"]
[Result "1-0"]
[WhiteElo "2833"]
[BlackElo "2420"]
[TimeControl "180+2"]
[EndTime "13:08:02 PST"]
[Termination "Genghis_K won by resignation"]

1. d4 Nf6 2. Bf4 e6 3. e3 d5 4.
Nf3 Bd6 5. Nbd2 c5 6. Bb5+ Nc6 7.
Bg3 O-O 8. c3 Ne7 9. Bd3 b6 10. e4 dxe4 11. Nxe4 Nxe4 12. Bxe4 Rb8 13. dxc5 Bxg3 14. Qxd8 Rxd8 15. hxg3 f5 16. c6 Ba6 17. c7 fxe4 18. cxb8=Q Rxb8 19. Ng5 h6 20. Nxe4 Bc4 21.
f3 Nf5 22. Kf2 Bd5 23. Rhd1 Rf8 24. g4 Ne7 25. Ke3 Ng6 26. b3 Nf4 27. Rd2 b5 28. Rad1 Rc8 29. g3 Ng6 30. Rxd5 exd5 31. Rxd5 a6 32. Rd6 Ne5 33. Rxa6 Rf8 34. Nd2 Rc8 35.
Kd4 Nc6+ 36. Kd3 Ne5+ 37. Kc2 Rf8 38. Rb6 Nxf3 39. Nxf3 Rxf3 40. Rxb5 Rxg3 41. Rb4 Rg2+ 42. Kb1 Kf7 43. a4 Re2 44. a5 Re6 45. Rb6 Re3 46. a6 Re8 47. a7 Ra8 48. Rb7+ Kf6 49. b4 g6 50. b5 h5 51. gxh5 gxh5 52. b6 h4 53. Rb8 1-0

[Event "*** Titled Tuesday Blitz"]
[Site "Chess.com"]
[Date "2019.03.05"]
[Round "1"]
[White "ShadyH9"]
[Black "vpsetter"]
[Result "0-1"]
[WhiteElo "2297"]
[BlackElo "2652"]
[TimeControl "180+2"]
[EndTime "13:08:05 PST"]
[Termination "vpsetter won on time"]

1. d4 Nf6 2. Nf3 d5 3. e3 c5 4. c3 Nc6 5. Nbd2 e6 6. Bd3 c4 7. Bc2 b5 8. a3 Be7 9. O-O O-O 10. e4 a5 11. e5 Nd7 12. h4 f6 13. exf6 Bxf6 14. h5 e5 15. dxe5 Ndxe5 16. Nxe5 Nxe5 17. h6 g6 18. f3 d4 19. Be4 Ra6 20. f4 Ng4 21. Nf3 dxc3 22. bxc3 Bxc3 23. Rb1 b4 24.
Qd5+ Be6 25. Qb5 Qb6+ 26. Qxb6 Rxb6 27. axb4 axb4 28. g3 b3 29. Kg2 Rd8 0-1

[Event "*** Titled Tuesday Blitz"]
[Site "Chess.com"]
[Date "2019.03.05"]
[Round "1"]
[White "FrenchandSlav"]
[Black "Shahinyan_ChessMood"]
[Result "0-1"]
[WhiteElo "2273"]
[BlackElo "2635"]
[TimeControl "180+2"]
[EndTime "13:08:05 PST"]
[Termination "Shahinyan_ChessMood won by checkmate"]

1. d4 e6 2. Nf3 f5 3. g3 Nf6 4.
Bg2 d5 5. O-O Bd6 6. c4 c6 7. Nc3 O-O 8. Qc2 Qe7 9. Rb1 Nbd7 10.
cxd5 exd5 11. Qxf5 Ne4 12. Qh5 Ndf6 13. Qh4 Nxc3 14. bxc3 Qxe2 15. Re1 Qc2 16. Rb3 Ne4 17. Rb2 Qxc3 18. Rbe2 Bf5 19. Bb2 Qa5 20. Ne5 Rae8 21.
g4 Bc8 22. f3 Nf6 23. g5 Nd7 24. Nxc6 bxc6 25. Rxe8 Qb6 26. Bh3 Qxb2 27. Be6+ Kh8 28.
Bxd7 Bxd7 29. g6 h6 30. Rxf8+ Bxf8 31. Qd8 Qxd4+ 32. Kh1 Qf6 33. Qxd7 Qxf3+ 34. Kg1 Bc5+ 35. Re3 Bxe3# 0-1

[Event "*** Titled Tuesday Blitz"]
[Site "Chess.com"]
[Date "2019.03.05"]
[Round "1"]
[White "STAYFlow"]
[Black "AkibaRubi"]
[Result "0-1"]
[WhiteElo "2238"]
[BlackElo "2588"]
[TimeControl "180+2"]
[EndTime "13:08:07 PST"]
[Termination "AkibaRubi won by resignation"]

1. d4 Nf6 2. c4 e6 3. g3 d5 4.
Nf3 Be7 5. Bg2 O-O 6. O-O b6 7. cxd5 exd5 8. Nc3 Bb7 9. Bf4 Ne4 10. Rc1 Nxc3 11. Rxc3 Na6 12. Ne5 c5 13. a3 Rc8 14.
dxc5 Nxc5 15. b4 Ne4 16. Rxc8 Qxc8 17. Qb1 Nc3 18. Qb2 d4 19. Bxb7 Qxb7 20. Nd3 Bf6 21. Be5 Bxe5 22. Nxe5 Qe4 23. Nf3 Nxe2+ 24. Kg2 d3 25. Re1 h6 26. Qe5 Qa8 27. Rd1 Rd8 28.
Qe3 Qd5 29. h3 Nc3 30. Rd2 Ne4 31. Rd1 Ng5 32. h4 Nxf3 33. Qxf3 Qb3 34. Rd2 Qxa3 35. Qe4 Qc3 36. Qf4 a5 37. bxa5 bxa5 38. Kh2 a4 39.
Ra2 d2 0-1

[Event "*** Titled Tuesday Blitz"]
[Site "Chess.com"]
[Date "2019.03.05"]
[Round "1"]
[White "penguingm1"]
[Black "Muguet7"]
[Result "1-0"]
[WhiteElo "2890"]
[BlackElo "2429"]
[TimeControl "180+2"]
[EndTime "13:08:14 PST"]
[Termination "penguingm1 won by resignation"]

1. d4 Nf6 2. c4 e6 3. Nc3 Bb4 4. Qc2 O-O 5. Nf3 c5 6. dxc5 Na6 7. g3 Nxc5 8. Bg2 Nce4 9. O-O Nxc3 10. bxc3 Be7 11. e4 d6 12. e5 dxe5 13. Nxe5 Nd7 14. Nxd7 Qxd7 15. Be3 Qc7 16. Rab1 Qxc4 17. Rfd1 Bf6 18.
Rb3 a5 19. Bf1 Qa4 20. Bb5 Qg4 21. Be2 Qh3 22. Qd2 e5 23. Bf1 Qh5 24. Be2 Qg6 25. Bc5 Be6 26. Rxb7 Rfd8 27. Qb2 Bd5 28. Rb6 Qe4 29.
f3 Qf5 30. Qb1 e4 31. Bd4 Bxd4+ 32. Rxd4 Re8 33. Rb5 Rad8 34. c4 exf3 35. Qxf5 fxe2 36. Rb1 Be6 37. Rxd8 Rxd8 38. Qc2 Bg4 39. Re1 Rd1 40.
Kf2 g6 41. c5 h5 42. c6 Rd6 43.
c7 Rf6+ 44. Kg1 Kg7 45. c8=Q Bxc8 46. Qxc8 1-0

[Event "*** Titled Tuesday Blitz"]
[Site "Chess.com"]
[Date "2019.03.05"]
[Round "1"]
[White "PotapovaM"]
[Black "Msb2"]
[Result "0-1"]
[WhiteElo "2413"]
[BlackElo "2811"]
[TimeControl "180+2"]
[EndTime "13:08:14 PST"]
[Termination "Msb2 won by resignation"]

1. d4 d5 2. c4 c6 3. Nc3 dxc4 4. e4 b5 5. a4 b4 6. Na2 Nf6 7. e5 Nd5 8. Bxc4 e6 9. Nf3 a5 10. Bd2 Be7 11. Nc1 Qb6 12. Nb3 Ba6 13. Qe2 O-O 14.
O-O Nd7 15. Rfc1 Rfc8 16. Bxa6 Rxa6 17. Ne1 c5 18. Qb5 Raa8 19. Qxd7 c4 20. Nc5 Bxc5 21.
dxc5 Qxc5 22. Qb5 Qd4 23. Nf3 Qxb2 24. Rab1 Qa2 25. Ra1 Qb3 26. Ng5 h6 27. Ne4 c3 28.
Be3 Qc4 29. Qxc4 Rxc4 30. Nd6 Rc6 31. Nb5 b3 32. Rab1 b2 33. Rc2 Rac8 34. Bd4 Rc4 35. f3 Rxa4 36. Nxc3 Rxd4 37. Rbxb2 Rxc3 38. Rxc3 Nxc3 39. Rb8+ Kh7 0-1

[Event "*** Titled Tuesday Blitz"]
[Site "Chess.com"]
[Date "2019.03.05"]
[Round "1"]
[White "Romn69"]
[Black "kenta1234"]
[Result "0-1"]
[WhiteElo "2240"]
[BlackElo "2590"]
[TimeControl "180+2"]
[EndTime "13:08:14 PST"]
[Termination "kenta1234 won by resignation"]

1. d4 Nf6 2. Nf3 g6 3. c4 Bg7 4. Nc3 O-O 5. e4 d6 6. Be2 e5 7.
O-O exd4 8. Nxd4 Re8 9. f3 Nbd7 10. Kh1 Nh5 11. g4 Nhf6 12. Bf4 Ne5 13. Qd2 Nfd7 14.
b3 Nc5 15. Rae1 Ne6 16. Nxe6 Bxe6 17. h3 Bf6 18. Bg3 Bh4 19. Kg2 Bxg3 20. Kxg3 f5 21.
exf5 gxf5 22. f4 Ng6 23. g5 Qe7 24. Bf3 c6 25. Nd5 cxd5 26. cxd5 Qc7 27. dxe6 Rad8 28. Qd4 b6 29. Rc1 Qg7 30. Qxg7+ Kxg7 31. Rc7+ Re7 32. Rfc1 Re8 33. Rd7 Nf8 34. Rxd6 Nxe6 35. Re1 Nc5 36. Rxe7+ Rxe7 37. Kf2 Re4 38. h4 Rxf4 39. Kg3 Re4 40. h5 Re3 41. h6+ Kf7 42. Kf4 Re1 43. Bd5+ Ke7 44. Rf6 Rf1+ 45. Ke5 Nd7+ 46. Kd4 Nxf6 0-1

[Event "*** Titled Tuesday Blitz"]
[Site "Chess.com"]
[Date "2019.03.05"]
[Round "1"]
[White "RegZryt"]
[Black "Sanan_Sjugirov"]
[Result "0-1"]
[WhiteElo "2430"]
[BlackElo "2902"]
[TimeControl "180+2"]
[EndTime "13:08:15 PST"]
[Termination "Sanan_Sjugirov won by resignation"]

1. d4 Nf6 2. c4 g6 3. Nc3 d5 4. Nf3 Bg7 5. h4 c6 6. Bg5 Ne4 7.
Bf4 h6 8. e3 O-O 9. Bd3 Nxc3 10. bxc3 dxc4 11. Bxc4 Qa5 12. Rc1 Nd7 13. Bb3 e5 14.
Bg3 exd4 15. exd4 Re8+ 16. Kf1 Nf6 17. Be5 Be6 18. Kg1 Ng4 19. Bxg7 Kxg7 20. Bxe6 Rxe6 21. Ng5 hxg5 22. Qxg4 Rh8 23. hxg5 Qxc3 24. Rf1 Rxh1+ 25. Kxh1 Qd3 26. Kg1 Qe4 27. Qxe4 Rxe4 28. Rd1 Re2 29. a4 Ra2 30. Rb1 b6 31. Rb4 Rc2 32. g3 Kf8 33. a5 b5 34. d5 a6 35. dxc6 Rxc6 36. Rd4 Ke7 37. Re4+ Re6 38. Rd4 Rd6 39. Re4+ Re6 40. Rh4 Re1+ 41. Kg2 Ra1 42. Re4+ Kf8 43. f4 Rxa5 44. g4 Ra4 0-1

[Event "*** Titled Tuesday Blitz"]
[Site "Chess.com"]
[Date "2019.03.05"]
[Round "1"]
[White "Saitama_Hero"]
[Black "BlackBoarder"]
[Result "1-0"]
[WhiteElo "2237"]
[BlackElo "2563"]
[TimeControl "180+2"]
[EndTime "13:08:15 PST"]
[Termination "Saitama_Hero won by resignation"]

1. d4 Nf6 2. Bg5 Ne4 3. Bf4 d5 4. e3 g6 5. c4 c6 6. Nc3 Nxc3 7. bxc3 Bg7 8. Nf3 O-O 9. Be2 Qa5 10. Qb3 Nd7 11.
cxd5 cxd5 12. O-O Nb6 13. Ne5 Be6 14. Rfc1 Rfc8 15. h3 Bf5 16. Qb4 Qxb4 17. cxb4 Na4 18.
Bf3 e6 19. g4 Bc2 20. Nd7 Bd3 21. Nc5 Nxc5 22. bxc5 b6 23. Rc3 Ba6 24. Rac1 Bf8 25.
c6 Bb5 26. c7 Be7 27. e4 a5 28. exd5 exd5 29. Bxd5 Ra7 30. Bc6 Bxc6 31. Rxc6 Kf8 32.
d5 Ke8 33. d6 Bf6 34. d7+ Kxd7 35. Rxf6 b5 36. Rxf7+ Ke6 37. Rxh7 Kd5 38. Rd7+ Ke4 39.
Rd8 Raa8 40. Rxc8 Rxc8 41. Bg3 b4 42. Rd1 a4 43. Rd8 b3 44. axb3 axb3 45. Rxc8 b2 46. Rb8 b1=Q+ 47. Rxb1 1-0

[Event "*** Titled Tuesday Blitz"]
[Site "Chess.com"]
[Date "2019.03.05"]
[Round "1"]
[White "marianokar"]
[Black "GadimbayliA"]
[Result "0-1"]
[WhiteElo "2427"]
[BlackElo "2854"]
[TimeControl "180+2"]
[EndTime "13:08:17 PST"]
[Termination "GadimbayliA won by checkmate"]

1. Nf3 Nf6 2. c4 e6 3. g3 Nc6 4. Bg2 d5 5. d4 Bd6 6. O-O O-O 7. Nbd2 b6 8. b3 Bb7 9. Bb2 Ne7 10. Rc1 c5 11. cxd5 Nfxd5 12. Nc4 Bc7 13. dxc5 bxc5 14.
Qc2 Nb4 15. Qb1 f6 16. Rfd1 Qb8 17. Rd7 Rf7 18. Na5 Bxa5 19. Rxb7 Qxb7 20. Ng5 Qxg2+ 21. Kxg2 fxg5 22. Qe4 Nbd5 23. Qxe6 Rf8 24. f3 Bb6 25. Rd1 Nc7 26. Qc4 Nc6 27. Rd6 Na5 28. Qg4 Nb7 29. Rc6 h6 30. h4 Re7 31. e4 Nd8 32. Rg6 Nce6 33. f4 Rxf4 34. gxf4 Nxf4+ 35. Kf3 Nxg6 36. Qc8 Rf7+ 37. Ke2 Nf4+ 38. Kd2 gxh4 39. e5 h3 40. e6 Nxe6 41. Be5 h2 42. Bxh2 Rf2+ 43. Kd3 Rxh2 44. a4 Rh3+ 45. Kc4 Rh4+ 46. Kc3 Ba5+ 47. Kc2 Nd4+ 48. Kd1 Rh1# 0-1

[Event "*** Titled Tuesday Blitz"]
[Site "Chess.com"]
[Date "2019.03.05"]
[Round "1"]
[White "NIGWAPO"]
[Black "TreinadorBR"]
[Result "1-0"]
[WhiteElo "2578"]
[BlackElo "2217"]
[TimeControl "180+2"]
[EndTime "13:08:19 PST"]
[Termination "NIGWAPO won on time"]

1. e4 c5 2. Nc3 e6 3. f4 a6 4.
Nf3 d5 5. d3 Nf6 6. g3 dxe4 7. Nxe4 Nxe4 8. dxe4 Qxd1+ 9. Kxd1 b5 10.
Bg2 Bb7 11. Nd2 Nd7 12. c3 O-O-O 13. Ke2 Nb6 14. Rd1 c4 15. Nf1 Bc5 16. Be3 Bxe3 17.
Nxe3 Rxd1 18. Rxd1 Rd8 19. Rxd8+ Kxd8 20. Nd1 Kd7 21. Ke3 Na4 22. Bf3 Nc5 23. Kd4 Na4 24. b3 cxb3 25. axb3 Nb6 26. Nb2 f5 27. Nd3 fxe4 28.
Nc5+ Kc8 29. Bg4 e3 30. Bxe6+ Kb8 31. Kxe3 Bd5 32. Nxa6+ Ka7 33. Nc7 Bc6 34. Kd4 Kb7 35. Nd5 Na8 36. Ne7 Nb6 37. Bg8 h6 38. Nf5 g5 39.
Nxh6 gxf4 40. gxf4 Kc7 41. f5 Kd6 42. Nf7+ Ke7 43.
Ne5 Be8 44. Be6 Na8 45. Ng4 Nc7 46. Ke5 Nxe6 47. fxe6 Bg6 48. Nf6 Bc2 49. b4 1-0

[Event "*** Titled Tuesday Blitz"]
[Site "Chess.com"]
[Date "2019.03.05"]
[Round "1"]
[White "Blitzstream"]
[Black "ahkashefi2800"]
[Result "0-1"]
[WhiteElo "2556"]
[BlackElo "2224"]
[TimeControl "180+2"]
[EndTime "13:08:25 PST"]
[Termination "ahkashefi2800 won by resignation"]

1. e4 c6 2. c4 e5 3. Nf3 Qc7 4. d4 exd4 5. Qxd4 d5 6. Nc3 dxe4 7.
Qxe4+ Qe7 8. Bg5 Qxe4+ 9. Nxe4 Be7 10. O-O-O Bg4 11. Nd6+ Bxd6 12. Rxd6 f6 13. Bf4 Ne7 14. Bd3 c5 15. Be4 Nbc6 16. Bxc6+ Nxc6 17. Re1+ Kf7 18. Be3 Bxf3 19. gxf3 Rhe8 20. Rd7+ Kg8 21. Rg1 g6 22. Bxc5 b6 23. Be3 Ne5 24. Rc7 Rac8 25. Rxc8 Rxc8 26.
b3 Nxf3 27. Rd1 Rc7 28. h3 Kf7 29. Kb2 g5 30. a4 h5 31. Ra1 f5 32. a5 Rb7 33.
axb6 axb6 34. Ra6 b5 35. c5 f4 36. c6 Rc7 37. Ra7 Rxa7 38. Bxa7 Ke6 39. Kc3 Ne5 40. Kb4 Nxc6+ 41. Kxb5 Nxa7+ 42. Kb6 Nc8+ 43. Kc7 Nd6 44. b4 g4 0-1

[Event "*** Titled Tuesday Blitz"]
[Site "Chess.com"]
[Date "2019.03.05"]
[Round "1"]
[White "politeplayer"]
[Black "BigAl"]
[Result "0-1"]
[WhiteElo "2067"]
[BlackElo "2493"]
[TimeControl "180+2"]
[EndTime "13:08:26 PST"]
[Termination "BigAl won by checkmate"]

1. e4 c5 2. Nf3 e6 3. d4 cxd4 4. Nxd4 a6 5. Bd3 Qc7 6. O-O Nf6 7. c4 Nc6 8. Nxc6 dxc6 9. Nc3 e5 10. f4 Bc5+ 11.
Kh1 Ng4 12. Qe2 Qd8 13. f5 Nxh2 14. Be3 Bxe3 15. Qxe3 Nxf1 16. Rxf1 f6 17. Na4 Rb8 18. Nb6 Bd7 19. c5 Qe7 20. Bc4 Rd8 21. Rd1 Bc8 22.
Rd6 Rxd6 23. cxd6 Qxd6 24. Nxc8 Qd4 25. Qa3 Kd7 26. Be6+ Kc7 27. Qa5+ Kb8 28. Nb6 Qd1+ 29. Kh2 Qh5+ 30. Kg3 Qg5+ 31. Kh2 Qf4+ 32. Kg1 Qe3+ 33. Kh1 Qd4 34. Nd7+ Ka7 35. Nc5 Rd8 36. Nxa6 Qd1+ 37. Kh2 Qh5+ 38. Kg3 Rd3+ 39. Kf2 Qh4+ 40. Kf1 Qf4+ 41.
Ke2 Qe3+ 42. Kf1 Rd1+ 43. Qe1 Qxe1# 0-1

[Event "*** Titled Tuesday Blitz"]
[Site "Chess.com"]
[Date "2019.03.05"]
[Round "1"]
[White "CzechmVIII"]
[Black "7Madman"]
[Result "0-1"]
[WhiteElo "2108"]
[BlackElo "2515"]
[TimeControl "180+2"]
[EndTime "13:08:28 PST"]
[Termination "7Madman won by resignation"]

1. e4 c6 2. d4 d5 3. e5 Bf5 4. Nc3 e6 5. g4 Bg6 6. Nge2 f6 7.
f4 fxe5 8. dxe5 Qh4+ 9. Ng3 Bc5 10. Bg2 Ne7 11. Na4 Bb4+ 12. c3 Ba5 13. Nc5 Bf7 14.
Nxb7 Bc7 15. Nd6+ Kf8 16. O-O h5 17. Nxf7 Kxf7 18. g5 Bb6+ 19. Kh1 g6 20. Qe2 Nd7 21. Be3 Nf5 22. Nxf5 gxf5 23. c4 Rhd8 24. Rac1 d4 25. Bf2 Qxf4 26. Qxh5+ Kg8 27. g6 Nf8 28. Bh4 Qg4 29. Qxg4 fxg4 30. Bxd8 Rxd8 31. Bxc6 Nxg6 32. Rf6 Nxe5 33. Rxe6 Bc7 34. Bd5 Kh8 35. Kg2 d3 36. Rd1 Rf8 37. Rxd3 Nxd3 38. Re7 Rf2+ 39. Kg1 Bxh2+ 40.
Kh1 g3 41. Be4 Nf4 42. Bg2 Rxg2 0-1

[Event "*** Titled Tuesday Blitz"]
[Site "Chess.com"]
[Date "2019.03.05"]
[Round "1"]
[White "Vamostodorecto"]
[Black "arna"]
[Result "1-0"]
[WhiteElo "2522"]
[BlackElo "2125"]
[TimeControl "180+2"]
[EndTime "13:08:29 PST"]
[Termination "Vamostodorecto won by resignation"]

1. d4 d5 2. c4 e6 3. Nc3 c6 4.
Nf3 dxc4 5. e3 b5 6. a4 Bb4 7. axb5 cxb5 8. Bd2 Bxc3 9. Bxc3 a5 10. b3 Bb7 11.
bxc4 b4 12. Bb2 Nf6 13. Be2 O-O 14. O-O Nbd7 15. c5 Qc7 16. Bb5 Bc6 17. Bxc6 Qxc6 18. Qa4 Qd5 19. Rfc1 Rfc8 20. Qb5 Rcb8 21. Qd3 a4 22. c6 Nb6 23. Rc5 Qe4 24. Qb5 a3 25. c7 Rc8 26. Bc1 Nbd5 27. Nd2 Qg6 28. Nc4 Nc3 29.
Qxb4 Nfd5 30. Qb3 Ne2+ 31. Kf1 Qh5 32. Rxa3 Rxa3 33. Bxa3 Ndc3 34. Rxh5 1-0

[Event "*** Titled Tuesday Blitz"]
[Site "Chess.com"]
[Date "2019.03.05"]
[Round "1"]
[White "ShimanovAlex"]
[Black "jocmil"]
[Result "1-0"]
[WhiteElo "2836"]
[BlackElo "2422"]
[TimeControl "180+2"]
[EndTime "13:08:30 PST"]
[Termination "ShimanovAlex won by resignation"]

1. e4 e5 2. Nf3 Nf6 3. d3 d5 4. Nbd2 Nc6 5. Be2 Be7 6. O-O O-O 7. c3 Bg4 8. h3 Bh5 9. Re1 dxe4 10. dxe4 Bg6 11.
Bb5 Bd6 12. Bd3 Nh5 13. Nc4 Qe7 14. Bg5 f6 15. Be3 Bf7 16. b4 Nf4 17. Bf1 a6 18. a4 Rfd8 19. Qc2 Bh5 20. Nfd2 Kh8 21. Nb3 Bg6 22.
g3 Ne6 23. h4 Rf8 24. Bh3 Bf7 25. b5 Ncd8 26. Nxd6 cxd6 27. Red1 Rc8 28. bxa6 bxa6 29. Qd3 Bg6 30. Bf5 Nf7 31. a5 Rc6 32. c4 Rfc8 33. Nd2 Bxf5 34. exf5 Nc5 35. Bxc5 Rxc5 36. Rdb1 h6 37.
Rb6 R5c6 38. Rab1 e4 39. Nxe4 Ne5 40. Qd5 Rxc4 41. Nxd6 Rc1+ 42. Kg2 Nd7 43. Nxc8 Rxc8 44. Rb7 Rd8 45. Rd1 1-0

[Event "*** Titled Tuesday Blitz"]
[Site "Chess.com"]
[Date "2019.03.05"]
[Round "1"]
[White "Fy_Rakotomaharo"]
[Black "toog"]
[Result "1-0"]
[WhiteElo "2617"]
[BlackElo "2251"]
[TimeControl "180+2"]
[EndTime "13:08:30 PST"]
[Termination "Fy_Rakotomaharo won by resignation"]

1. d4 Nf6 2. c4 g6 3. Nc3 Bg7 4. e4 d6 5. Be2 O-O 6. Bg5 c5 7. d5 e6 8. Qd2 exd5 9. exd5 Re8 10. Nf3 Bf5 11. O-O Qd7 12. Nh4 Ne4 13. Nxe4 Rxe4 14. Nxf5 gxf5 15. Bd3 Re8 16. Rae1 Na6 17. Qf4 Rxe1 18.
Rxe1 Re8 19. Rxe8+ Qxe8 20. g3 Qe5 21. b3 Nb4 22. Qxe5 Bxe5 23. Bb1 Kg7 24. a3 Na6 25. Bxf5 Bb2 26. a4 Nb4 27. Be7 Be5 28. f4 Bd4+ 29.
Kg2 Na2 30. Bxd6 Nc1 31. Bc2 Ne2 32. Kf3 Nc3 33. Be5+ f6 34. Bxd4 cxd4 35. d6 Kf7 36.
Bxh7 Ke6 37. c5 Kd7 38. Bf5+ Kc6 39. h4 a5 40. h5 b6 41. cxb6 Kxd6 42. h6 Nd5 43. h7 1-0

[Event "*** Titled Tuesday Blitz"]
[Site "Chess.com"]
[Date "2019.03.05"]
[Round "1"]
[White "SolidAsARook"]
[Black "SF-96"]
[Result "0-1"]
[WhiteElo "2204"]
[BlackElo "2573"]
[TimeControl "180+2"]
[EndTime "13:08:30 PST"]
[Termination "SF-96 won by resignation"]

1. c4 Nf6 2. g3 g6 3. Bg2 d5 4. cxd5 Nxd5 5. Nf3 Bg7 6. O-O O-O 7.
Nc3 Nb6 8. a4 a5 9. d4 Nc6 10.
Nb5 Bf5 11. Re1 Be4 12. e3 Nb4 13. Re2 c6 14. Nc3 Bd3 15. Rd2 Ba6 16. b3 Qc7 17.
Bb2 Rfd8 18. Rc1 Rac8 19. Ne4 Nd7 20. Nc5 Nxc5 21. Rxc5 Qb6 22. Ne1 Rd7 23. Nc2 Rcd8 24. Bc3 e6 25. Na3 Bf8 26. Nc4 Bxc4 27. Rxc4 Nd5 28.
Qc2 Nxc3 29. Rxc3 Bb4 30. Rd1 Bxc3 31. Qxc3 Qb4 32. Qd3 c5 33. Rc1 cxd4 34. e4 e5 35.
Rc4 Qd6 36. h4 Rc7 37. Bf1 Rxc4 38. Qxc4 Qc6 39. Qd3 Qc3 40. Qd1 d3 41. Kg2 d2 42.
Be2 Qc1 43. Bf3 Rc8 44. Kf1 Rc3 45. Be2 Rxb3 46. Kg2 0-1

[Event "*** Titled Tuesday Blitz"]
[Site "Chess.com"]
[Date "2019.03.05"]
[Round "1"]
[White "fu24"]
[Black "Dare-Dare"]
[Result "1-0"]
[WhiteElo "2513"]
[BlackElo "2108"]
[TimeControl "180+2"]
[EndTime "13:08:31 PST"]
[Termination "fu24 won by resignation"]

1. d4 e6 2. Bf4 f5 3. e3 Nf6 4. Nf3 d5 5. Nbd2 Bd6 6. Ne5 O-O 7. c3 c5 8. Be2 Qe7 9. a3 b6 10. b4 cxd4 11. cxd4 Bb7 12. Rc1 Rc8 13. Rxc8+ Bxc8 14. O-O Bb7 15. Qa4 Nbd7 16. Rc1 a6 17. Nc6 Qf8 18. Ne5 Qe7 19. h3 a5 20. b5 Rc8 21.
Rxc8+ Bxc8 22. Qc2 Bb7 23. a4 Ne8 24. Ndf3 Nxe5 25. Bxe5 Kf7 26. Bxd6 Qxd6 27. Ne5+ Ke7 28. g4 g6 29. Kg2 Qc7 30. Qxc7+ Nxc7 31. Kg3 g5 32. h4 h6 33. f4 gxf4+ 34. exf4 Ne8 35. Bd3 Nd6 36. g5 hxg5 37. fxg5 Ne4+ 38. Bxe4 dxe4 39. Kf4 Bd5 40. Nc6+ Bxc6 41. bxc6 b5 42. g6 e5+ 43. dxe5 b4 44. c7 Kd7 45. g7 1-0